 Dungeon Crawl Stone Soup version 0.18.1-48-g4cf74bf (webtiles) character file.

0 glosham the Skirmisher (level 1, -10/24 HPs)
             Began as an Ogre Abyssal Knight on July 28, 2016.
             Was a Follower of Lugonu.
             Killed from afar by a wretched star (20 damage)
             ... with an orb of energy
             ... on level 1 of the Abyss.
             The game lasted 00:02:18 (194 turns).

glosham the Skirmisher (Ogre Abyssal Knight)         Turns: 194, Time: 00:02:19

Health: -10/24     AC:  3    Str: 16    XL:     1   Next: 0%
Magic:  2/2        EV: 10    Int: 11    God:    Lugonu [*.....]
Gold:   11         SH:  0    Dex:  9    Spells: 0 memorised, 0 levels left

rFire  . . .     SeeInvis .     a - +1 mace
rCold  . . .     Gourm    .     b - +0 robe
rNeg   . . .     Faith    .     (no shield)
rPois  .         Spirit   .     (helmet restricted)
rElec  .         Dismiss  .     (no cloak)
rCorr  .         Reflect  .     (gloves unavailable)
SustAt .         Harm     .     (boots unavailable)
MR     .....     Rnd*Tele +     (no amulet)
Stlth  +.........               (no ring)
                                g - ring of teleportation (curse)

@: not resistant to hostile enchantments, very unstealthy
A: unfitting armour, tough skin 1
a: Depart the Abyss, Renounce Religion


You were on level 1 of the Abyss.
You worshipped Lugonu.
Lugonu was aware of your devotion.
You were not hungry.

You visited 0 branches of the dungeon, and saw 0 of its levels.
You visited the Abyss 1 time.

You collected 11 gold pieces.

Inventory:

Hand Weapons
 a - a +1 mace (weapon)
Missiles
 d - 26 bolts
 e - 7 stones (quivered)
Armour
 b - a +0 robe (worn)
Jewellery
 g - a cursed ring of teleportation (left hand)
Comestibles
 c - a bread ration
 f - a meat ration


   Skills:
 - Level 4.0 Fighting
 + Level 2.6 Maces & Flails
 - Level 2.1 Dodging
 - Level 2.0 Invocations


You couldn't memorise any spells.
You didn't know any spells.

Dungeon Overview and Level Annotations

Branches:
Dungeon (0/15)

Altars:


Innate Abilities, Weirdness & Mutations

You are too large for most types of armour.
You have tough skin (AC +1).


Message History

f - a meat ration Your magical contamination has completely faded away.
Found 7 stones.
You see here 7 stones.
e - 7 stones A tentacled starspawn comes into view.
A thrashing horror comes into view.
You are suddenly pulled into a different region of the Abyss!
Found 11 gold pieces.
You see here 11 gold pieces.
You now have 11 gold pieces.
A large abomination comes into view.
The large abomination moves out of view.
Found a cabochon ring.
You see here a cabochon ring.
g - a cabochon ring Put on which piece of jewellery? (? for menu, Esc to quit)
You feel slightly jumpy.
Oops, that ring feels deathly cold.
g - a cursed ring of teleportation (left hand)
What do you say? t - Shout!
Orders for allies: a - Attack new target. r - Retreat! s - Stop attacking. w - Wait here. f - Follow me.
Anything else - Stay silent.
Okay, then.
You aren't carrying any spellbooks or scrolls.
Unknown command.
A raiju comes into view.
The raiju barks!
The raiju moves out of view.
Found a scroll labeled NOELEI JACAQE.
A wretched star comes into view.
The wretched star glows turbulently.
The orb of energy hits you!
Ouch! That really hurt!
The wretched star glows turbulently.
The orb of energy hits you!
Ouch! That really hurt!
You die...

.... ...## ##...#
#....# # # #.#..#
.## .. #...##*. .#
#?..#.# # .#
##@.###..# ...
#......# #
#......#.### .#
#......#..# ..#
#.#..##h#..# . #
#.#.....#...# #.
#.h....#..#.# .#
...#.....#.... ##.#
###
#..##.#...##..#..#.
.


You could see a wretched star and a raiju.

Vanquished Creatures (others)
  2 starspawn tentacles (Abyss:1)
2 creatures vanquished.

Notes
Turn   | Place    | Note
--------------------------------------------------------------
     0 | Abyss:1  | glosham the Ogre Abyssal Knight began the quest for the Orb.
     0 | Abyss:1  | Reached XP level 1. HP: 24/24 MP: 2/2
    96 | Abyss:1  | Noticed a tentacled starspawn
   105 | Abyss:1  | Noticed a thrashing horror
   163 | Abyss:1  | Noticed a large abomination
   188 | Abyss:1  | Noticed a raiju
   193 | Abyss:1  | Noticed a wretched star
   194 | Abyss:1  | Killed from afar by a wretched star

Action                   || total
-------------------------++-------
  Use: Scroll            ||     1

Table legend:
 A = Turns spent in this place as a percentage of turns spent in the entire game.
 B = Non-inter-level travel turns spent in this place as a percentage of non-inter-level travel turns spent in the entire game.
 C = Inter-level travel turns spent in this place as a percentage of turns spent in this place.
 D = Turns resting spent in this place as a percentage of non-inter-level travel turns spent in this place.
 E = Turns spent auto-exploring this place as a percentage of non-inter-level travel turns spent in this place.
 F = Non-inter-level travel turns spent in this place divided by the number of levels of this place that you've seen.
                   A       B       C       D       E      F
               +-------+-------+-------+-------+-------+----------------------
         Total | 100.0 | 100.0 |   0.0 |   0.0 |   0.0 | 198.0
         Abyss | 100.0 | 100.0 |   0.0 |   0.0 |   0.0 | 198.0
               +-------+-------+-------+-------+-------+----------------------

Vault maps used:
